 Dungeon Crawl Stone Soup version 0.22-a0-533-g4d20840 (webtiles) character file.

1 Amnesiac the Ducker (level 1, 9/11 HPs)
             Began as a Spriggan Abyssal Knight on June 23, 2018.
             Was an Initiate of Lugonu.
             Got out of the dungeon alive.
             The game lasted 00:00:39 (337 turns).

Amnesiac the Ducker (Spriggan Abyssal Knight)        Turns: 337, Time: 00:00:40

Health: 9/11       AC:  2    Str:  8    XL:     1   Next: 16%
Magic:  3/3        EV: 18    Int: 13    God:    Lugonu [......]
Gold:   4          SH:  0    Dex: 15    Spells: 0/0 levels left

rFire    . . .     SeeInvis +   a - +2 short sword
rCold    . . .     Gourm    .   (shield restricted)
rNeg     . . .     Faith    .   b - +0 robe
rPois    .         Spirit   .   (helmet restricted)
rElec    .         Reflect  .   (no cloak)
rCorr    .         Harm     .   (gloves unavailable)
MR       .....                  (boots unavailable)
Stlth    ++........             (no amulet)
HPRegen  0.03/turn              (no ring)
MPRegen  0.08/turn              (no ring)

@: very quick
A: very small, unfitting armour, see invisible, herbivore, speed 3, slow
metabolism 2
a: Renounce Religion


You escaped.
You worshipped Lugonu.
Lugonu was noncommittal.
You were not hungry.

You visited 1 branch of the dungeon, and saw 1 of its levels.
You visited the Abyss 1 time.

You collected 4 gold pieces.

Inventory:

Hand Weapons
 a - a +2 short sword (weapon)
Missiles
 e - 4 tomahawks of returning (quivered)
Armour
 b - a +0 robe (worn)
Potions
 d - a potion of might {!q, unknown}
Comestibles
 c - a ration


   Skills:
 - Level 2.4 Fighting
 - Level 2.1 Short Blades
 - Level 3.5 Dodging
 + Level 0.9 Stealth
 - Level 1.7 Invocations


You couldn't memorise any spells.
You didn't know any spells.
Your spell library was empty.

Dungeon Overview and Level Annotations

Branches:
Dungeon (1/15)

Altars:


Innate Abilities, Weirdness & Mutations

You are very small and have problems with some larger weapons.
You are too small for most types of armour.
You have supernaturally acute eyesight. (SInv)
You are a herbivore.
You cover ground extremely quickly.
You need to consume almost no food.


Message History

Lugonu says: Depart the Abyss and spread corruption, my servant! (use the ability menu to exit the Abyss) Press ? for a list of commands and other information.
Found a corrupted altar of Lugonu.
Found a gateway leading deeper into the Abyss.
You now have 4 gold pieces.
There is a gateway leading deeper into the Abyss here.
You plunge deeper into the Abyss.
Found a scroll labeled APROMO WUDO and a runed leather armour.
Unknown command.
d - a scroll labeled APROMO WUDO {!r} You open the gate.
A balrug comes into view.
It is wielding a demon whip of electrocution.
The balrug shouts!
Found a dire flail.
As you close the gate, it creaks loudly!
A large abomination comes into view.
A balrug opens the gate.
Found 9 arrows.
Found 21 bolts.
Found 4 tomahawks of returning.
You see here 4 tomahawks of returning.
e - 4 tomahawks of returning An ancient zyme comes into view.
You feel yourself growing ill in the presence of the ancient zyme.
Found a scroll labeled AROVIU SELO.
A thrashing horror comes into view.
The thrashing horror roars!
You hear a screech!
An orange demon comes into view.
The thrashing horror barely misses you. The thrashing horror misses you.
A small abomination comes into view.
The thrashing horror tramples you!
Ouch! That really hurt!
* * * LOW HITPOINT WARNING * * *
You stumble backwards!
You pass through the gate.
You can no longer depart the Abyss at will.
A frilled lizard and a ball python come into view.
Found a black potion.
There is a staircase leading out of the dungeon here.
Okay, then.
Really read
d - a scroll labeled APROMO WUDO {!r}?
As you read the scroll labeled APROMO WUDO {!r}, it crumbles to dust.
It is a scroll of enchant weapon.
Your +1 short sword glows red for a moment.
The frilled lizard hisses angrily.
A kobold comes into view. It is wielding a whip.
The kobold shouts!
You hit the frilled lizard.
You kill the frilled lizard!
Lugonu accepts your kill.
You puncture the kobold!
You kill the kobold!
Lugonu accepts your kill.
Things that are here:
a whip; a kobold corpse
Found 15 gold pieces.
d - a black potion {!q} You start resting.
Magic restored.
You start resting.
HP restored.
There is a staircase leading out of the dungeon here.
Are you sure you want to leave the Dungeon?
This will make you lose the game!
You have escaped!

.. #.. .# #..#
.# #..# S# #..#
.#
#..#####.####..
#..##..........
#..##..@.......
#.........###..
#...).....#
#.........#
#..##.....#
#..####..##
#..# #..# #..#
#..# #... ..#


You could see a ball python (sleeping).

Vanquished Creatures
  A frilled lizard (D:1)
  A kobold (D:1)
2 creatures vanquished.

Notes
Turn   | Place    | Note
-------+----------+-------------------------------------------
     0 | Abyss:1  | Amnesiac the Spriggan Abyssal Knight began the quest for the Orb.
     0 | Abyss:1  | Reached XP level 1. HP: 11/11 MP: 3/3
    27 | Abyss:2  | Noticed a balrug
    33 | Abyss:2  | Noticed a large abomination
    51 | Abyss:2  | Noticed an ancient zyme
    61 | Abyss:2  | Noticed a thrashing horror
    63 | Abyss:2  | Noticed an orange demon
    68 | Abyss:2  | Noticed a small abomination
    69 | D:1      | Escaped the Abyss
   337 | D:$      | Got out of the dungeon alive.

Vault maps used:
D:1:      dpeg_arrival_boxes_within_box
Abyss:2:  hangedman_elemental_corridor

Action                   || total
-------------------------++-------
Melee: Short sword       ||     2
Invok: Depart the Abyss  ||     1
  Use: Scroll            ||     1
Dodge: Dodged            ||     2

Table legend:
 A = Spawn XP
 B = Non-spawn XP
 C = Spawn XP percentage of total XP
 D = Spawn monster count
 E = Non-spawn monster count
 F = Spawn count percentage of total count
 G = Total turns spent on level
                    A         B        C        D         E        F      G
               +---------+---------+-------+---------+---------+-------+---------
         Total |       0 |       2 |   0.0 |       0 |       2 |   0.0 |   337
               +---------+---------+-------+---------+---------+-------+---------
           D:1 |       0 |       2 |   0.0 |       0 |       2 |   0.0 |   268
               +---------+---------+-------+---------+---------+-------+---------
